Penguins vs Capitals
Created - November 20, 2023 at 20:01
Goals
|
Penguins |
0 |
2 |
1 |
3 |
Capitals |
1 |
1 |
3 |
5 |
|
Shots
|
Penguins |
5 |
6 |
19 |
30 |
Capitals |
4 |
14 |
9 |
27 |
|
1st period
1. Capitals , Cody Hodgson 3 (Bobby Ryan 9, Taylor Hall 8) at 9:32
Penalties :
Mark Scheifele (Pit) for Interference (Minor) at 9:37, Marcus Foligno (Pit) for Hooking (Minor) at 16:42
2nd period
2. Capitals , Jeff Skinner 3 (Steve Downie 3, Sergey Kalinin 2) at 5:30
3. Penguins , Derek Stepan 8 (Marcus Foligno 6, Oscar Klefbom 11) at 9:42
4. Penguins , Pavel Buchnevich 2 (Tom Wilson 3, Mark Scheifele 16) at 19:18
Penalties :
Sebastian Aho (Pit) for Slashing (Minor) at 5:54, Mark Scheifele (Pit) for Tripping (Minor) at 12:19
3rd period
5. Capitals , Steve Downie 2 (Brandon Gormley 5, Mike Green 7) at 9:15
6. Capitals , Patrick Kane 6 (Taylor Hall 9, Nicklas Backstrom 8) at 15:25
7. Capitals , Taylor Hall 10 (Patrick Kane 13, Nicklas Backstrom 9) at 15:43 (PP)
8. Penguins , Evan Rodrigues 1 (Brandon Tanev 2, Keith Aulie 5) at 18:19
Penalties :
Jujhar Khaira (Was) for Tripping (Minor) at 2:39, Pavel Buchnevich (Pit) for Hooking (Minor) at 15:28
Goalie Stats
Braden Holtby (Pit), 22 saves from 27 shots - (0.815), L, 1-1-1, 60:00 minutes
Cory Schneider (Was), 27 saves from 30 shots - (0.900), W, 8-5-1, 60:00 minutes
Players Stats for Penguins
Player Name G A P +/- PIM S H SB GA TA FO MP PP MP PK MP
------------------------------------------------------------------------------------
Brandon Tanev 0 1 1 -1 0 2 0 0 0 0 0/0 11:13 0:00 2:20
Danny DeKeiser 0 0 0 1 0 1 3 1 0 1 0/0 20:14 0:00 4:37
Derek Stepan 1 0 1 0 0 5 3 0 1 1 4/8 16:01 1:12 1:08
Dmitrij Jaskin 0 0 0 -1 0 0 2 0 0 0 0/0 8:28 0:00 0:00
Evan Rodrigues 1 0 1 -1 0 1 1 0 0 0 3/4 7:46 0:00 0:00
Jake Guentzel 0 0 0 -1 0 5 1 0 0 0 2/2 19:37 0:47 1:44
Keith Aulie 0 1 1 0 0 5 0 0 0 2 0/0 25:29 0:57 3:42
Marcus Foligno 0 1 1 0 2 4 4 1 0 1 0/0 17:53 1:12 3:11
Marcus Johansson 0 0 0 0 0 0 0 0 0 0 0/0 14:34 1:12 0:12
Mark Scheifele 0 1 1 -1 4 1 2 0 0 1 1/2 20:39 0:47 1:01
Max Reinhart 0 0 0 1 0 0 2 0 3 0 5/10 15:07 0:00 4:26
Neal Pionk 0 0 0 1 0 0 0 2 0 1 0/0 18:46 0:00 3:34
Nick Leddy 0 0 0 -2 0 0 0 0 1 0 0/0 13:51 1:02 0:00
Oscar Klefbom 0 1 1 0 0 2 2 1 0 2 0/0 27:45 1:02 4:29
Pavel Buchnevich 1 0 1 1 2 3 2 0 0 0 1/1 10:06 0:00 0:00
Sebastian Aho 0 0 0 -1 2 1 3 0 1 0 6/25 17:52 0:47 0:00
Tom Wilson 0 1 1 1 0 0 1 0 1 0 0/0 12:28 0:00 2:20
Tyson Barrie 0 0 0 -2 0 0 0 0 1 2 0/0 13:55 0:57 0:00
Players Stats for Capitals
Player Name G A P +/- PIM S H SB GA TA FO MP PP MP PK MP
------------------------------------------------------------------------------------
Alexei Marchenko 0 0 0 2 0 0 2 1 0 0 0/0 20:58 3:34 1:17
Blake Pietila 0 0 0 -1 0 1 1 0 1 0 0/0 17:33 3:41 0:34
Bobby Ryan 0 1 1 -1 0 2 1 1 0 0 0/1 16:50 3:41 0:00
Brandon Burlon 0 0 0 0 0 0 3 1 0 1 0/0 13:54 0:00 0:42
Brandon Gormley 0 1 1 -1 0 2 2 3 1 1 0/0 26:26 4:37 0:42
Cody Hodgson 1 0 1 -1 0 3 1 0 0 0 4/6 16:50 3:41 0:00
Jeff Skinner 1 0 1 2 0 5 0 1 0 0 0/0 8:38 0:00 0:00
Joe Colborne 0 0 0 -1 0 1 1 0 0 0 2/4 12:39 0:00 0:34
Jujhar Khaira 0 0 0 -1 2 2 1 1 2 0 0/0 12:04 0:00 0:00
Mike Green 0 1 1 -1 0 0 2 0 0 2 0/0 26:24 4:37 1:17
Mikko Vainonen 0 0 0 1 0 0 0 1 0 0 0/0 8:24 0:00 0:00
Nicklas Backstrom 0 2 2 1 0 0 3 1 0 1 18/30 20:28 4:30 0:00
Patrick Kane 1 1 2 1 0 3 1 0 2 0 0/1 21:53 4:30 1:25
Phil Kessel 0 0 0 -1 0 1 0 0 0 0 0/0 11:56 0:00 0:00
Sergey Kalinin 0 1 1 2 0 0 3 0 0 0 6/10 10:03 0:00 1:25
Shea Theodore 0 0 0 1 0 0 0 1 1 1 0/0 23:54 3:34 0:00
Steve Downie 1 1 2 2 0 5 0 0 1 1 0/0 8:38 0:00 0:00
Taylor Hall 1 2 3 1 0 2 4 1 3 1 0/0 20:28 4:30 0:00
3 Stars
1 - Taylor Hall (Was)
2 - Steve Downie (Was)
3 - Patrick Kane (Was)
Power Play
Penguins - 0 on 1 Attempt(s) - 0.00%
Capitals - 1 on 5 Attempt(s) - 20.00%
Penalty Kill
Penguins - 4 on 5 Attempt(s) - 80.00%
- Score 0 goal in Penalty Kill
Capitals - 1 on 1 Attempt(s) - 100.00%
- Score 0 goal in Penalty Kill
Team Stat
Penguins - Hits : 26 - Faceoff Wins : 22 - Blocked Shots : 5 - Penalty Minutes : 10
Capitals - Hits : 25 - Faceoff Wins : 30 - Blocked Shots : 12 - Penalty Minutes : 2
Official
Referees : Gord Dwyer and Marc Joannette
Linesman : Trent Knorr and Ryan Gibbons
Game Notes
No Game Note
Finance
Level 1 -- Attendance: 5819 (96.98%) -- Ticket Income $581,900
Level 2 -- Attendance: 4852 (97.04%) -- Ticket Income $291,120
Level 3 -- Attendance: 1887 (94.35%) -- Ticket Income $66,045
Level 4 -- Attendance: 3965 (99.13%) -- Ticket Income $99,125
Luxury Box -- Attendance: 886 (88.60%) -- Ticket Income $177,200
Game was played at the Capital One Arena.
Total Attendance: 17409 (96.72%)
Total Ticket Income: $1,215,390
Other Income: $182,308
Total Income: $1,397,698
Penguins
5 vs 5 Forward
Center Left Wing Right Wing Time % Phy DF OF
1 Sebastian Aho Jake Guentzel Mark Scheifele 40 1 2 2
2 Derek Stepan Marcus Johansson Marcus Foligno 30 1 2 2
3 Max Reinhart Pavel Buchnevich Tom Wilson 20 1 2 2
4 Evan Rodrigues Brandon Tanev Dmitrij Jaskin 10 1 2 2
5 vs 5 Defense
Defense Defense Time % Phy DF OF
1 Oscar Klefbom Keith Aulie 40 1 2 2
2 Neal Pionk Danny DeKeiser 30 1 2 2
3 Nick Leddy Tyson Barrie 20 1 2 2
4 Oscar Klefbom Keith Aulie 10 1 2 2
PowerPlay Forward
Center Left Wing Right Wing Time % Phy DF OF
1 Sebastian Aho Jake Guentzel Mark Scheifele 60 1 2 2
2 Derek Stepan Marcus Johansson Marcus Foligno 40 1 2 2
PowerPlay Defense
Defense Defense Time % Phy DF OF
1 Oscar Klefbom Nick Leddy 60 1 2 2
2 Keith Aulie Tyson Barrie 40 1 2 2
Penalty Kill 4 Players Forward
Center Wing Time % Phy DF OF
1 Max Reinhart Marcus Foligno 60 1 2 2
2 Mark Scheifele Brandon Tanev 40 1 2 2
Penalty Kill 4 Players Defense
Defense Defense Time % Phy DF OF
1 Oscar Klefbom Danny DeKeiser 60 1 2 2
2 Keith Aulie Neal Pionk 40 1 2 2
Penalty Kill - 3 Players Forward
Forward Time % Phy DF OF
1 Max Reinhart 60 1 2 2
2 Marcus Foligno 40 1 2 2
Penalty Kill - 3 Players Defense
Defense Defense Time % Phy DF OF
1 Danny DeKeiser Oscar Klefbom 60 1 2 2
2 Keith Aulie Neal Pionk 40 1 2 2
4 vs 4 Forward
Center Wing Time % Phy DF OF
1 Sebastian Aho Jake Guentzel 60 1 2 2
2 Derek Stepan Mark Scheifele 40 1 2 2
4 vs 4 Defense
Defense Defense Time % Phy DF OF
1 Oscar Klefbom Danny DeKeiser 60 1 2 2
2 Keith Aulie Nick Leddy 40 1 2 2
Last Minutes Offensive
Center Left Wing Right Wing Defense Defense
Sebastian Aho Jake Guentzel Mark Scheifele Oscar Klefbom Danny DeKeiser
Last Minutes Defensive
Center Left Wing Right Wing Defense Defense
Max Reinhart Brandon Tanev Marcus Foligno Oscar Klefbom Danny DeKeiser
Goaltenders
Starting : Braden Holtby
Backup : Andrei Vasilevskiy
Extra Forwards
Normal : Jake Guentzel, Derek Stepan, Marcus Johansson - PP : Mark Scheifele, Pavel Buchnevich - PK : Tom Wilson
Extra Defensemen
Normal : Oscar Klefbom, Keith Aulie, Neal Pionk - PP : Nick Leddy - PK : Danny DeKeiser, Keith Aulie
Penalty Shots
Jake Guentzel, Pavel Buchnevich, Marcus Foligno, Mark Scheifele, Marcus Johansson
Custom OT Lines Forwards
Mark Scheifele, Jake Guentzel, Derek Stepan, Marcus Foligno, Marcus Johansson, Max Reinhart, Tom Wilson, Pavel Buchnevich, Sebastian Aho, Dmitrij Jaskin
Custom OT Lines Defensemen
Danny DeKeiser, Oscar Klefbom, Keith Aulie, Nick Leddy, Neal Pionk
Scratches
None
Capitals
5 vs 5 Forward
Center Left Wing Right Wing Time % Phy DF OF
1 Nicklas Backstrom Taylor Hall Patrick Kane 35 0 0 5
2 Cody Hodgson Blake Pietila Bobby Ryan 30 0 0 5
3 Joe Colborne Jujhar Khaira Phil Kessel 20 0 1 4
4 Sergey Kalinin Jeff Skinner Steve Downie 15 0 2 3
5 vs 5 Defense
Defense Defense Time % Phy DF OF
1 Brandon Gormley Mike Green 40 0 2 3
2 Alexei Marchenko Shea Theodore 30 0 3 2
3 Brandon Burlon Mikko Vainonen 15 0 4 1
4 Shea Theodore Brandon Burlon 15 0 3 2
PowerPlay Forward
Center Left Wing Right Wing Time % Phy DF OF
1 Nicklas Backstrom Taylor Hall Patrick Kane 60 0 0 5
2 Cody Hodgson Blake Pietila Bobby Ryan 40 0 0 5
PowerPlay Defense
Defense Defense Time % Phy DF OF
1 Brandon Gormley Mike Green 60 0 1 4
2 Alexei Marchenko Shea Theodore 40 0 2 3
Penalty Kill 4 Players Forward
Center Wing Time % Phy DF OF
1 Sergey Kalinin Patrick Kane 60 0 4 1
2 Joe Colborne Jujhar Khaira 40 0 4 1
Penalty Kill 4 Players Defense
Defense Defense Time % Phy DF OF
1 Alexei Marchenko Mike Green 60 0 4 1
2 Brandon Gormley Brandon Burlon 40 0 4 1
Penalty Kill - 3 Players Forward
Forward Time % Phy DF OF
1 Patrick Kane 60 0 5 0
2 Taylor Hall 40 0 5 0
Penalty Kill - 3 Players Defense
Defense Defense Time % Phy DF OF
1 Alexei Marchenko Mike Green 60 0 5 0
2 Brandon Burlon Brandon Gormley 40 0 5 0
4 vs 4 Forward
Center Wing Time % Phy DF OF
1 Nicklas Backstrom Taylor Hall 60 0 0 5
2 Cody Hodgson Patrick Kane 40 0 0 5
4 vs 4 Defense
Defense Defense Time % Phy DF OF
1 Brandon Gormley Mike Green 60 0 2 3
2 Alexei Marchenko Shea Theodore 40 0 2 3
Last Minutes Offensive
Center Left Wing Right Wing Defense Defense
Nicklas Backstrom Taylor Hall Patrick Kane Brandon Gormley Mike Green
Last Minutes Defensive
Center Left Wing Right Wing Defense Defense
Sergey Kalinin Blake Pietila Patrick Kane Mike Green Alexei Marchenko
Goaltenders
Starting : Cory Schneider
Backup : Chet Pickard
Extra Forwards
Normal : Patrick Kane, Taylor Hall, Nicklas Backstrom - PP : Patrick Kane, Taylor Hall - PK : Patrick Kane
Extra Defensemen
Normal : Mike Green, Brandon Gormley, Shea Theodore - PP : Mike Green - PK : Alexei Marchenko, Mike Green
Penalty Shots
Taylor Hall, Cody Hodgson, Patrick Kane, Phil Kessel, Bobby Ryan
Custom OT Lines Forwards
Taylor Hall, Patrick Kane, Nicklas Backstrom, Blake Pietila, Bobby Ryan, Jujhar Khaira, Phil Kessel, Cody Hodgson, Jeff Skinner, Joe Colborne
Custom OT Lines Defensemen
Mike Green, Brandon Gormley, Alexei Marchenko, Shea Theodore, Brandon Burlon
Scratches
Morgan Rielly (Separated Left Shoulder Injury)
% Time on Ice - Penguins
Lines # - Real PCT - Wanted PCT - Time Play
Normal Forward
1 - 37% - 40% - 18:12
2 - 28% - 30% - 13:45
3 - 20% - 20% - 10:07
4 - 16% - 10% - 7:46
Normal Defense
1 - 40% - 40% - 19:50
2 - 29% - 30% - 14:15
3 - 26% - 20% - 12:49
4 - 6% - 10% - 2:56
PP Forward
1 - 39% - 60% - 0:47
2 - 61% - 40% - 1:12
PP Defense
1 - 52% - 60% - 1:02
2 - 48% - 40% - 0:57
PK Forward
1 - 71% - 60% - 5:51
2 - 29% - 40% - 2:20
PK Defense
1 - 59% - 60% - 4:50
2 - 41% - 40% - 3:21
PK3 Forward
1 - 0% - 60%
2 - 0% - 40%
PK3 Defense
1 - 0% - 60%
2 - 0% - 40%
44 Forward
1 - 0% - 60%
2 - 0% - 40%
44 Defense
1 - 0% - 60%
2 - 0% - 40%
Last Minute Offensive - 0:00
Last Minute Defensive - 0:00
Total
Forward - 60:00
Defense - 60:00
|
% Time on Ice - Capitals
Lines # - Real PCT - Wanted PCT - Time Play
Normal Forward
1 - 32% - 35% - 16:07
2 - 26% - 30% - 13:09
3 - 24% - 20% - 11:56
4 - 17% - 15% - 8:38
Normal Defense
1 - 41% - 40% - 20:30
2 - 30% - 30% - 15:07
3 - 17% - 15% - 8:24
4 - 12% - 15% - 5:49
PP Forward
1 - 55% - 60% - 4:30
2 - 45% - 40% - 3:41
PP Defense
1 - 56% - 60% - 4:37
2 - 44% - 40% - 3:34
PK Forward
1 - 71% - 60% - 1:25
2 - 29% - 40% - 0:34
PK Defense
1 - 65% - 60% - 1:17
2 - 35% - 40% - 0:42
PK3 Forward
1 - 0% - 60%
2 - 0% - 40%
PK3 Defense
1 - 0% - 60%
2 - 0% - 40%
44 Forward
1 - 0% - 60%
2 - 0% - 40%
44 Defense
1 - 0% - 60%
2 - 0% - 40%
Last Minute Offensive - 0:00
Last Minute Defensive - 0:00
Total
Forward - 60:00
Defense - 60:00
|
Play-by-Play
1st period
0:01 of 1st period - Nicklas Backstrom wins face-off versus Sebastian Aho in neutral zone.
0:04 of 1st period - Mark Scheifele is hit by Taylor Hall and loses puck.
0:31 of 1st period - Off-side.
0:32 of 1st period - Cody Hodgson wins face-off versus Max Reinhart in neutral zone.
0:35 of 1st period - Tom Wilson is hit by Bobby Ryan and loses puck.
0:40 of 1st period - Wrist shot by Bobby Ryan.
0:40 of 1st period - Stopped by Braden Holtby with a rebound.
0:53 of 1st period - Off-side.
0:54 of 1st period - Joe Colborne wins face-off versus Evan Rodrigues in neutral zone.
1:19 of 1st period - Nick Leddy is hit by Sergey Kalinin and loses puck.
1:44 of 1st period - Mark Scheifele is hit by Alexei Marchenko and loses puck.
2:08 of 1st period - Icing by Oscar Klefbom.
2:09 of 1st period - Pavel Buchnevich wins face-off versus Nicklas Backstrom in Penguins zone.
2:16 of 1st period - Wrist shot by Patrick Kane.
2:16 of 1st period - Stopped by Braden Holtby with a rebound.
3:14 of 1st period - Snap shot by Pavel Buchnevich.
3:14 of 1st period - Shot Misses the Net.
3:16 of 1st period - Slapshot by Oscar Klefbom.
3:16 of 1st period - Deflect By Pavel Buchnevich.
3:16 of 1st period - Stopped by Cory Schneider with a rebound.
3:18 of 1st period - Slapshot by Keith Aulie.
3:18 of 1st period - Shot Blocked by Brandon Gormley.
3:53 of 1st period - Slapshot by Pavel Buchnevich.
3:53 of 1st period - Stopped by Cory Schneider without a rebound.
3:54 of 1st period - Nicklas Backstrom wins face-off versus Sebastian Aho in Capitals zone.
4:03 of 1st period - Patrick Kane is hit by Sebastian Aho.
4:26 of 1st period - Backhand shot by Marcus Johansson.
4:26 of 1st period - Shot Blocked by Mikko Vainonen.
4:32 of 1st period - Snap shot by Marcus Foligno.
4:32 of 1st period - Stopped by Cory Schneider with a rebound.
6:23 of 1st period - Bobby Ryan is hit by Derek Stepan and loses puck.
6:58 of 1st period - Neal Pionk is hit by Sergey Kalinin and loses puck.
7:19 of 1st period - Patrick Kane is hit by Tom Wilson and loses puck.
8:07 of 1st period - Pavel Buchnevich is hit by Taylor Hall and loses puck.
8:20 of 1st period - Shea Theodore is hit by Oscar Klefbom and loses puck.
8:53 of 1st period - Brandon Burlon is hit by Mark Scheifele and loses puck.
9:15 of 1st period - Tyson Barrie is hit by Patrick Kane and loses puck.
9:30 of 1st period - Slapshot by Cody Hodgson.
9:30 of 1st period - Stopped by Braden Holtby with a rebound.
9:32 of 1st period - Backhand shot by Cody Hodgson.
9:32 of 1st period - Goal by Cody Hodgson - Penguins : 0 - Capitals : 1.
9:33 of 1st period - Nicklas Backstrom wins face-off versus Sebastian Aho in neutral zone.
9:37 of 1st period - Minor Penalty to Mark Scheifele for Interference.
9:38 of 1st period - Max Reinhart wins face-off versus Nicklas Backstrom in Penguins zone.
10:13 of 1st period - Cody Hodgson is hit by Max Reinhart and loses puck.
11:37 of 1st period - Penalty to Mark Scheifele is over, Mark Scheifele is back on ice.
11:53 of 1st period - Snap shot by Brandon Tanev.
11:53 of 1st period - Shot Misses the Net.
11:57 of 1st period - Wrist shot by Derek Stepan.
11:57 of 1st period - Shot Misses the Net.
12:27 of 1st period - Tyson Barrie is hit by Sergey Kalinin and loses puck.
13:28 of 1st period - Max Reinhart is hit by Nicklas Backstrom and loses puck.
13:41 of 1st period - Brandon Gormley is hit by Marcus Foligno and loses puck.
14:08 of 1st period - Keith Aulie is hit by Joe Colborne and loses puck.
14:40 of 1st period - Tom Wilson is hit by Brandon Burlon and loses puck.
14:57 of 1st period - Steve Downie is hit by Marcus Foligno and loses puck.
15:18 of 1st period - Oscar Klefbom is hit by Alexei Marchenko and loses puck.
15:46 of 1st period - Brandon Gormley is hit by Max Reinhart and loses puck.
16:42 of 1st period - Minor Penalty to Marcus Foligno for Hooking.
16:43 of 1st period - Nicklas Backstrom wins face-off versus Max Reinhart in Penguins zone.
18:12 of 1st period - Snap shot by Mark Scheifele.
18:12 of 1st period - Shot Blocked by Bobby Ryan.
18:14 of 1st period - Snap shot by Brandon Tanev.
18:14 of 1st period - Stopped by Cory Schneider with a rebound.
18:16 of 1st period - Slapshot by Oscar Klefbom.
18:16 of 1st period - Stopped by Cory Schneider without a rebound.
18:17 of 1st period - Max Reinhart wins face-off versus Bobby Ryan in Capitals zone.
18:42 of 1st period - Penalty to Marcus Foligno is over, Marcus Foligno is back on ice.
18:47 of 1st period - Icing by Mark Scheifele.
18:48 of 1st period - Joe Colborne wins face-off versus Mark Scheifele in Penguins zone.
19:09 of 1st period - Snap shot by Mark Scheifele.
19:09 of 1st period - Shot Blocked by Jujhar Khaira.
19:52 of 1st period - Wrist shot by Blake Pietila.
19:52 of 1st period - Shot Misses the Net.
Goals for this period are 0 for Penguins vs 1 for Capitals.
Shots for this period are 5 for Penguins vs 4 for Capitals.
2nd period
0:01 of 2nd period - Nicklas Backstrom wins face-off versus Sebastian Aho in neutral zone.
0:15 of 2nd period - Icing by Nicklas Backstrom.
0:16 of 2nd period - Nicklas Backstrom wins face-off versus Sebastian Aho in Capitals zone.
0:52 of 2nd period - Off-side.
0:53 of 2nd period - Cody Hodgson wins face-off versus Sebastian Aho in neutral zone.
0:58 of 2nd period - Mark Scheifele is hit by Brandon Gormley and loses puck.
1:48 of 2nd period - Wrist shot by Steve Downie.
1:48 of 2nd period - Shot Blocked by Neal Pionk.
2:28 of 2nd period - Slapshot by Cody Hodgson.
2:28 of 2nd period - Stopped by Braden Holtby with a rebound.
2:30 of 2nd period - Snap shot by Bobby Ryan.
2:30 of 2nd period - Stopped by Braden Holtby without a rebound.
2:31 of 2nd period - Cody Hodgson wins face-off versus Derek Stepan in Penguins zone.
2:36 of 2nd period - Wrist shot by Blake Pietila.
2:36 of 2nd period - Shot Misses the Net.
2:58 of 2nd period - Alexei Marchenko is hit by Mark Scheifele and loses puck.
3:07 of 2nd period - Wrist shot by Patrick Kane.
3:07 of 2nd period - Shot Misses the Net.
3:09 of 2nd period - Wrist shot by Nicklas Backstrom.
3:09 of 2nd period - Shot Misses the Net.
3:27 of 2nd period - Snap shot by Pavel Buchnevich.
3:27 of 2nd period - Shot Misses the Net.
4:53 of 2nd period - Snap shot by Pavel Buchnevich.
4:53 of 2nd period - Shot Misses the Net.
4:55 of 2nd period - Slapshot by Danny DeKeiser.
4:55 of 2nd period - Shot Misses the Net.
4:57 of 2nd period - Backhand shot by Danny DeKeiser.
4:57 of 2nd period - Shot Blocked by Alexei Marchenko.
5:07 of 2nd period - Bobby Ryan is hit by Dmitrij Jaskin and loses puck.
5:28 of 2nd period - Snap shot by Steve Downie.
5:28 of 2nd period - Stopped by Braden Holtby with a rebound.
5:30 of 2nd period - Snap shot by Jeff Skinner.
5:30 of 2nd period - Goal by Jeff Skinner - Penguins : 0 - Capitals : 2.
5:31 of 2nd period - Nicklas Backstrom wins face-off versus Sebastian Aho in neutral zone.
5:36 of 2nd period - Snap shot by Patrick Kane.
5:36 of 2nd period - Stopped by Braden Holtby with a rebound.
5:54 of 2nd period - Minor Penalty to Sebastian Aho for Slashing.
5:55 of 2nd period - Max Reinhart wins face-off versus Nicklas Backstrom in Penguins zone.
6:04 of 2nd period - Slapshot by Oscar Klefbom.
6:04 of 2nd period - Shot Blocked by Taylor Hall.
7:24 of 2nd period - Marcus Foligno is hit by Nicklas Backstrom and loses puck.
7:54 of 2nd period - Penalty to Sebastian Aho is over, Sebastian Aho is back on ice.
8:29 of 2nd period - Snap shot by Jeff Skinner.
8:29 of 2nd period - Shot Hit the Post.
8:47 of 2nd period - Slapshot by Jujhar Khaira.
8:47 of 2nd period - Deflect By Phil Kessel.
8:47 of 2nd period - Stopped by Braden Holtby without a rebound.
8:48 of 2nd period - Sergey Kalinin wins face-off versus Max Reinhart in Penguins zone.
8:49 of 2nd period - Snap shot by Jeff Skinner.
8:49 of 2nd period - Stopped by Braden Holtby without a rebound.
8:50 of 2nd period - Sergey Kalinin wins face-off versus Sebastian Aho in Penguins zone.
8:53 of 2nd period - Slapshot by Brandon Gormley.
8:53 of 2nd period - Stopped by Braden Holtby with a rebound.
8:55 of 2nd period - Wrist shot by Jeff Skinner.
8:55 of 2nd period - Deflect By Steve Downie.
8:55 of 2nd period - Stopped by Braden Holtby with a rebound.
8:57 of 2nd period - Slapshot by Steve Downie.
8:57 of 2nd period - Shot Blocked by Oscar Klefbom.
8:59 of 2nd period - Slapshot by Brandon Gormley.
8:59 of 2nd period - Shot Misses the Net.
9:01 of 2nd period - Snap shot by Jeff Skinner.
9:01 of 2nd period - Shot Misses the Net.
9:03 of 2nd period - Wrist shot by Jeff Skinner.
9:03 of 2nd period - Stopped by Braden Holtby without a rebound.
9:04 of 2nd period - Nicklas Backstrom wins face-off versus Sebastian Aho in Penguins zone.
9:42 of 2nd period - Wrist shot by Derek Stepan.
9:42 of 2nd period - Goal by Derek Stepan - Penguins : 1 - Capitals : 2.
9:43 of 2nd period - Nicklas Backstrom wins face-off versus Sebastian Aho in neutral zone.
10:35 of 2nd period - Bobby Ryan is hit by Derek Stepan and loses puck.
10:56 of 2nd period - Neal Pionk is hit by Taylor Hall and loses puck.
11:43 of 2nd period - Slapshot by Phil Kessel.
11:43 of 2nd period - Shot Blocked by Marcus Foligno.
12:17 of 2nd period - Slapshot by Steve Downie.
12:17 of 2nd period - Stopped by Braden Holtby with a rebound.
12:19 of 2nd period - Minor Penalty to Mark Scheifele for Tripping.
12:20 of 2nd period - Nicklas Backstrom wins face-off versus Max Reinhart in Penguins zone.
12:47 of 2nd period - Blake Pietila is hit by Danny DeKeiser and loses puck.
14:19 of 2nd period - Penalty to Mark Scheifele is over, Mark Scheifele is back on ice.
14:38 of 2nd period - Slapshot by Jujhar Khaira.
14:38 of 2nd period - Stopped by Braden Holtby with a rebound.
14:50 of 2nd period - Snap shot by Jeff Skinner.
14:50 of 2nd period - Stopped by Braden Holtby with a rebound.
14:52 of 2nd period - Wrist shot by Mikko Vainonen.
14:52 of 2nd period - Deflect By Steve Downie.
14:52 of 2nd period - Shot Blocked by Neal Pionk.
14:52 of 2nd period - Puck is out of play.
14:53 of 2nd period - Evan Rodrigues wins face-off versus Sergey Kalinin in Penguins zone.
14:53 of 2nd period - Evan Rodrigues is hit by Mike Green.
15:21 of 2nd period - Wrist shot by Jake Guentzel.
15:21 of 2nd period - Shot Blocked by Brandon Gormley.
15:53 of 2nd period - Slapshot by Derek Stepan.
15:53 of 2nd period - Stopped by Cory Schneider with a rebound.
16:27 of 2nd period - Shea Theodore is hit by Jake Guentzel and loses puck.
16:38 of 2nd period - Joe Colborne is hit by Danny DeKeiser and loses puck.
16:51 of 2nd period - Phil Kessel is hit by Pavel Buchnevich and loses puck.
17:13 of 2nd period - Patrick Kane is hit by Danny DeKeiser and loses puck.
17:41 of 2nd period - Brandon Gormley is hit by Pavel Buchnevich and loses puck.
18:16 of 2nd period - Wrist shot by Patrick Kane.
18:16 of 2nd period - Shot Misses the Net.
18:40 of 2nd period - Oscar Klefbom is hit by Jujhar Khaira and loses puck.
18:53 of 2nd period - Snap shot by Keith Aulie.
18:53 of 2nd period - Stopped by Cory Schneider with a rebound.
19:18 of 2nd period - Wrist shot by Pavel Buchnevich.
19:18 of 2nd period - Goal by Pavel Buchnevich - Penguins : 2 - Capitals : 2.
19:19 of 2nd period - Nicklas Backstrom wins face-off versus Sebastian Aho in neutral zone.
19:30 of 2nd period - Snap shot by Sebastian Aho.
19:30 of 2nd period - Stopped by Cory Schneider with a rebound.
19:34 of 2nd period - Wrist shot by Sebastian Aho.
19:34 of 2nd period - Shot Blocked by Nicklas Backstrom.
19:36 of 2nd period - Wrist shot by Jake Guentzel.
19:36 of 2nd period - Stopped by Cory Schneider with a rebound.
19:48 of 2nd period - Danny DeKeiser is hit by Cody Hodgson and loses puck.
19:53 of 2nd period - Wrist shot by Blake Pietila.
19:53 of 2nd period - Shot Misses the Net.
19:57 of 2nd period - Snap shot by Blake Pietila.
19:57 of 2nd period - Stopped by Braden Holtby with a rebound.
Goals for this period are 2 for Penguins vs 1 for Capitals.
Shots for this period are 6 for Penguins vs 14 for Capitals.
3rd period
0:01 of 3rd period - Mark Scheifele wins face-off versus Nicklas Backstrom in neutral zone.
0:03 of 3rd period - Neal Pionk is hit by Nicklas Backstrom and loses puck.
0:26 of 3rd period - Danny DeKeiser is hit by Brandon Gormley and loses puck.
0:31 of 3rd period - Slapshot by Cody Hodgson.
0:31 of 3rd period - Shot Blocked by Danny DeKeiser.
1:46 of 3rd period - Blake Pietila is hit by Marcus Foligno and loses puck.
2:39 of 3rd period - Minor Penalty to Jujhar Khaira for Tripping.
2:40 of 3rd period - Sergey Kalinin wins face-off versus Sebastian Aho in Capitals zone.
2:47 of 3rd period - Snap shot by Jake Guentzel.
2:47 of 3rd period - Stopped by Cory Schneider without a rebound.
2:48 of 3rd period - Sebastian Aho wins face-off versus Sergey Kalinin in Capitals zone.
3:05 of 3rd period - Patrick Kane is hit by Sebastian Aho.
3:15 of 3rd period - Slapshot by Oscar Klefbom.
3:15 of 3rd period - Stopped by Cory Schneider with a rebound.
3:21 of 3rd period - Oscar Klefbom is hit by Brandon Burlon and loses puck.
3:41 of 3rd period - Off-side.
3:42 of 3rd period - Derek Stepan wins face-off versus Sergey Kalinin in neutral zone.
3:47 of 3rd period - Slapshot by Keith Aulie.
3:47 of 3rd period - Stopped by Cory Schneider with a rebound.
3:49 of 3rd period - Slapshot by Derek Stepan.
3:49 of 3rd period - Stopped by Cory Schneider with a rebound.
3:51 of 3rd period - Slapshot by Keith Aulie.
3:51 of 3rd period - Stopped by Cory Schneider without a rebound.
3:52 of 3rd period - Sergey Kalinin wins face-off versus Derek Stepan in Capitals zone.
4:07 of 3rd period - Wrist shot by Marcus Foligno.
4:07 of 3rd period - Shot Misses the Net.
4:39 of 3rd period - Penalty to Jujhar Khaira is over, Jujhar Khaira is back on ice.
4:47 of 3rd period - Snap shot by Derek Stepan.
4:47 of 3rd period - Stopped by Cory Schneider without a rebound.
4:48 of 3rd period - Sebastian Aho wins face-off versus Nicklas Backstrom in Capitals zone.
4:53 of 3rd period - Snap shot by Mark Scheifele.
4:53 of 3rd period - Stopped by Cory Schneider with a rebound.
5:34 of 3rd period - Snap shot by Jeff Skinner.
5:34 of 3rd period - Shot Misses the Net.
5:36 of 3rd period - Slapshot by Steve Downie.
5:36 of 3rd period - Stopped by Braden Holtby with a rebound.
5:38 of 3rd period - Slapshot by Brandon Gormley.
5:38 of 3rd period - Stopped by Braden Holtby without a rebound.
5:39 of 3rd period - Evan Rodrigues wins face-off versus Sergey Kalinin in Penguins zone.
5:50 of 3rd period - Snap shot by Brandon Tanev.
5:50 of 3rd period - Stopped by Cory Schneider without a rebound.
5:51 of 3rd period - Sebastian Aho wins face-off versus Patrick Kane in Capitals zone.
6:58 of 3rd period - Wrist shot by Derek Stepan.
6:58 of 3rd period - Shot Blocked by Jeff Skinner.
7:00 of 3rd period - Slapshot by Keith Aulie.
7:00 of 3rd period - Stopped by Cory Schneider with a rebound.
7:02 of 3rd period - Slapshot by Keith Aulie.
7:02 of 3rd period - Deflect By Jeff Skinner.
7:02 of 3rd period - Stopped by Cory Schneider with a rebound.
7:04 of 3rd period - Snap shot by Marcus Foligno.
7:04 of 3rd period - Stopped by Cory Schneider without a rebound.
7:05 of 3rd period - Jake Guentzel wins face-off versus Nicklas Backstrom in Capitals zone.
7:06 of 3rd period - Snap shot by Mark Scheifele.
7:06 of 3rd period - Deflect By Jake Guentzel.
7:06 of 3rd period - Shot Misses the Net.
7:06 of 3rd period - Puck is out of play.
7:07 of 3rd period - Nicklas Backstrom wins face-off versus Sebastian Aho in Capitals zone.
7:11 of 3rd period - Off-side.
7:12 of 3rd period - Sebastian Aho wins face-off versus Nicklas Backstrom in neutral zone.
7:44 of 3rd period - Wrist shot by Derek Stepan.
7:44 of 3rd period - Stopped by Cory Schneider without a rebound.
7:45 of 3rd period - Cody Hodgson wins face-off versus Derek Stepan in Capitals zone.
7:57 of 3rd period - Snap shot by Marcus Foligno.
7:57 of 3rd period - Stopped by Cory Schneider without a rebound.
7:58 of 3rd period - Nicklas Backstrom wins face-off versus Sebastian Aho in Capitals zone.
8:12 of 3rd period - Nicklas Backstrom is hit by Oscar Klefbom and loses puck.
8:25 of 3rd period - Bobby Ryan is hit by Derek Stepan and loses puck.
9:15 of 3rd period - Snap shot by Steve Downie.
9:15 of 3rd period - Goal by Steve Downie - Penguins : 2 - Capitals : 3.
9:16 of 3rd period - Nicklas Backstrom wins face-off versus Sebastian Aho in neutral zone.
9:42 of 3rd period - Oscar Klefbom is hit by Brandon Burlon and loses puck.
9:48 of 3rd period - Off-side.
9:49 of 3rd period - Derek Stepan wins face-off versus Cody Hodgson in neutral zone.
9:52 of 3rd period - Snap shot by Neal Pionk.
9:52 of 3rd period - Shot Misses the Net.
10:02 of 3rd period - Wrist shot by Marcus Johansson.
10:02 of 3rd period - Deflect By Derek Stepan.
10:02 of 3rd period - Shot Blocked by Brandon Gormley.
10:02 of 3rd period - Puck is out of play.
10:03 of 3rd period - Sebastian Aho wins face-off versus Nicklas Backstrom in Capitals zone.
10:08 of 3rd period - Snap shot by Jake Guentzel.
10:08 of 3rd period - Stopped by Cory Schneider with a rebound.
10:10 of 3rd period - Slapshot by Jake Guentzel.
10:10 of 3rd period - Stopped by Cory Schneider with a rebound.
10:34 of 3rd period - Slapshot by Bobby Ryan.
10:34 of 3rd period - Shot Misses the Net.
11:55 of 3rd period - Slapshot by Derek Stepan.
11:55 of 3rd period - Shot Blocked by Brandon Burlon.
11:57 of 3rd period - Wrist shot by Derek Stepan.
11:57 of 3rd period - Shot Misses the Net.
11:59 of 3rd period - Snap shot by Derek Stepan.
11:59 of 3rd period - Shot Misses the Net.
12:01 of 3rd period - Slapshot by Danny DeKeiser.
12:01 of 3rd period - Stopped by Cory Schneider without a rebound.
12:02 of 3rd period - Nicklas Backstrom wins face-off versus Sebastian Aho in Capitals zone.
12:18 of 3rd period - Slapshot by Neal Pionk.
12:18 of 3rd period - Shot Misses the Net.
12:32 of 3rd period - Snap shot by Jujhar Khaira.
12:32 of 3rd period - Deflect By Phil Kessel.
12:32 of 3rd period - Shot Misses the Net.
12:32 of 3rd period - Puck is out of play.
12:33 of 3rd period - Derek Stepan wins face-off versus Joe Colborne in Penguins zone.
12:46 of 3rd period - Snap shot by Joe Colborne.
12:46 of 3rd period - Stopped by Braden Holtby without a rebound.
12:47 of 3rd period - Jake Guentzel wins face-off versus Nicklas Backstrom in Penguins zone.
13:44 of 3rd period - Wrist shot by Dmitrij Jaskin.
13:44 of 3rd period - Shot Blocked by Shea Theodore.
14:02 of 3rd period - Slapshot by Jeff Skinner.
14:02 of 3rd period - Stopped by Braden Holtby without a rebound.
14:03 of 3rd period - Sergey Kalinin wins face-off versus Sebastian Aho in Penguins zone.
14:04 of 3rd period - Snap shot by Jeff Skinner.
14:04 of 3rd period - Deflect By Steve Downie.
14:04 of 3rd period - Shot Misses the Net.
14:04 of 3rd period - Puck is out of play.
14:05 of 3rd period - Nicklas Backstrom wins face-off versus Sebastian Aho in Penguins zone.
14:22 of 3rd period - Snap shot by Patrick Kane.
14:22 of 3rd period - Shot Misses the Net.
14:31 of 3rd period - Icing by Derek Stepan.
14:32 of 3rd period - Derek Stepan wins face-off versus Cody Hodgson in Penguins zone.
15:01 of 3rd period - Snap shot by Taylor Hall.
15:01 of 3rd period - Stopped by Braden Holtby without a rebound.
15:02 of 3rd period - Nicklas Backstrom wins face-off versus Sebastian Aho in Penguins zone.
15:25 of 3rd period - Snap shot by Patrick Kane.
15:25 of 3rd period - Goal by Patrick Kane - Penguins : 2 - Capitals : 4.
15:26 of 3rd period - Max Reinhart wins face-off versus Nicklas Backstrom in neutral zone.
15:28 of 3rd period - Minor Penalty to Pavel Buchnevich for Hooking.
15:29 of 3rd period - Max Reinhart wins face-off versus Nicklas Backstrom in Penguins zone.
15:43 of 3rd period - Snap shot by Taylor Hall.
15:43 of 3rd period - Goal by Taylor Hall - Penguins : 2 - Capitals : 5.
15:44 of 3rd period - Sebastian Aho wins face-off versus Nicklas Backstrom in neutral zone.
15:47 of 3rd period - Snap shot by Jake Guentzel.
15:47 of 3rd period - Stopped by Cory Schneider with a rebound.
15:55 of 3rd period - Oscar Klefbom is hit by Taylor Hall and loses puck.
16:10 of 3rd period - Sebastian Aho is hit by Mike Green and loses puck.
16:41 of 3rd period - Snap shot by Marcus Foligno.
16:41 of 3rd period - Stopped by Cory Schneider without a rebound.
16:42 of 3rd period - Nicklas Backstrom wins face-off versus Derek Stepan in Capitals zone.
16:42 of 3rd period - Nicklas Backstrom is hit by Marcus Foligno.
17:08 of 3rd period - Tom Wilson is hit by Blake Pietila and loses puck.
17:40 of 3rd period - Snap shot by Jujhar Khaira.
17:40 of 3rd period - Stopped by Braden Holtby without a rebound.
17:41 of 3rd period - Evan Rodrigues wins face-off versus Joe Colborne in Penguins zone.
17:48 of 3rd period - Brandon Gormley is hit by Dmitrij Jaskin and loses puck.
18:12 of 3rd period - Shea Theodore is hit by Evan Rodrigues and loses puck.
18:17 of 3rd period - Wrist shot by Brandon Tanev.
18:17 of 3rd period - Shot Misses the Net.
18:19 of 3rd period - Backhand shot by Evan Rodrigues.
18:19 of 3rd period - Goal by Evan Rodrigues - Penguins : 3 - Capitals : 5.
18:20 of 3rd period - Sergey Kalinin wins face-off versus Max Reinhart in neutral zone.
18:54 of 3rd period - Alexei Marchenko is hit by Sebastian Aho and loses puck.
Goals for this period are 1 for Penguins vs 3 for Capitals.
Shots for this period are 19 for Penguins vs 9 for Capitals.